Map: Eternal Empire LE

Players

Dexter - Winner!

  • Race: Protoss Protoss
  • League: Diamond
  • Spawn Location: 1:00

Kire

  • Race: Protoss Protoss
  • League: Diamond
  • Spawn Location: 7:00

VOD

Have the link to the VOD?

Description

Time

  • Played on: March 5, 2020, 10:46 p.m.
  • Length: 10:22
Show
View Real Time Build Order
Export as new Build Order

Dexter Protoss - Winner!

Build Orders: Zealot Archon 

Get SALT Encoding   

  12  0:01  Probe  
  13  0:13  Probe  
  14  0:17  Pylon  
  14  0:25  Probe  
  15  0:34  Assimilator  
  15  0:44  Probe (Chrono Boost)  
  16  0:54  Probe (Chrono Boost)  
  17  1:05  Forge  
  17  1:39  Pylon  
  15  1:57  Photon Cannon  
  15  2:07  Pylon  
  15  2:18  Pylon  
  15  2:20  Pylon  
  15  2:28  Pylon  
  15  2:46  Gateway  
  15  2:49  Probe  
  15  2:54  Assimilator  
  15  2:59  Gateway  
  15  3:01  Probe  
  16  3:11  Assimilator  
  16  3:13  Probe (Chrono Boost)  
  17  3:25  Probe (Chrono Boost)  
  18  3:33  Probe (Chrono Boost)  
  19  3:39  Probe (Chrono Boost)  
  19  3:40  Gateway  
  20  3:47  Probe  
  21  3:56  Cybernetics Core  
  21  4:08  Pylon  
  21  4:16  Probe  
  22  4:28  Warp Gate (Chrono Boost)  
  22  4:29  Probe  
  23  4:33  Adept x2  
  27  4:42  Twilight Council  
  27  4:46  Pylon  
  27  5:00  Pylon  
  27  5:18  Gateway  
  27  5:20  Dark Shrine  
  27  6:03  Photon Cannon  
  23  6:19  Pylon  
  23  6:21  Gateway  
  23  6:33  Dark Templar x3  
  23  6:37  Archon  
  29  6:59  Gateway  
  29  7:03  Dark Templar  
  29  7:07  Archon  
  31  7:09  Dark Templar x2  
  33  7:20  Probe  
  34  7:23  Archon  
  34  7:24  Dark Templar  
  36  7:34  Probe  
  36  7:39  Stalker  
  38  7:51  Stalker  
  40  8:10  Dark Templar  
  42  8:12  Zealot x2  
  42  8:13  Zealot  
  48  8:34  Stalker x3  
  52  9:21  Dark Templar  
  52  9:31  Dark Templar  
  52  10:20  Archon  
Show
View Real Time Build Order
Export as new Build Order

Kire Protoss 

Build Orders:  

Get SALT Encoding   

  12  0:01  Probe  
  13  0:14  Probe  
  14  0:23  Pylon  
  14  0:26  Probe  
  15  0:41  Probe  
  16  0:45  Gateway  
  16  0:58  Probe, Assimilator  
  17  1:04  Assimilator  
  17  1:12  Probe  
  18  1:24  Probe  
  19  1:28  Pylon  
  18  1:36  Probe  
  21  1:48  Probe  
  22  1:55  Pylon  
  22  1:57  Zealot  
  22  2:00  Probe  
  23  2:33  Forge  
  23  3:14  Cybernetics Core  
  23  3:19  Probe  
  24  3:45  Nexus  
  24  3:47  Pylon  
  24  3:59  Robotics Facility  
  24  4:04  Probe  
  25  4:11  Stalker  
  25  4:16  Probe  
  28  4:21  Protoss Ground Weapons Level 1  
  28  4:29  Probe  
  29  4:31  Stargate  
  29  4:40  Warp Gate  
  29  4:41  Probe  
  30  4:52  Stalker  
  32  4:53  Probe (Chrono Boost)  
  32  4:57  Observer  
  32  4:59  Probe (Chrono Boost)  
  35  5:05  Probe (Chrono Boost)  
  36  5:09  Probe (Chrono Boost)  
  36  5:11  Probe (Chrono Boost)  
  36  5:13  Probe (Chrono Boost), Assimilator  
  38  5:18  Assimilator  
  38  5:19  Probe  
  40  5:23  Phoenix (Chrono Boost)  
  42  5:33  Probe x2  
  44  5:39  Phoenix (Chrono Boost)  
  44  6:10  Probe x2 (Chrono Boost)  
  45  6:13  Phoenix (Chrono Boost)  
  49  6:19  Probe x2 (Chrono Boost)  
  49  6:24  Probe x2 (Chrono Boost)  
  51  6:35  Protoss Air Weapons Level 1, Phoenix (Chrono Boost)  
  51  6:36  Probe  
  54  6:51  Pylon  
  54  6:53  Pylon  
  54  6:57  Fleet Beacon  
  54  7:02  Pylon  
  54  7:09  Probe x2  
  56  7:21  Probe x2  
  58  7:23  Observer  
  58  7:33  Probe x2  
  60  7:45  Nexus, Probe x2  
  60  7:50  Zealot  
  63  7:52  Tempest (Chrono Boost)  
  63  7:57  Probe x2, Stargate  
  30  8:37  Probe  
  29  8:49  Probe  
Tags
 
Composition
Zealot Archon
Matchup
PvP
Spawn Locations
Cross Positions
Add a new tag
Caveats
  • Supply blocks, unpowered buildings, or Contaminate may cause inaccurate times.
  • Supply counts are checked every 10 seconds.